 Dungeon Crawl Stone Soup version 0.31-a0-200-gbc41564c69 (webtiles) character file.

Game seed: 10064476793238066392

130 qw the Skirmisher (level 4, -1/21 (25) HPs)
             Began as a Deep Elf Hunter on June 25, 2023.
             Killed by nerve-wracking pain
             ... invoked by an orc priest
              (11 damage)
             ... on level 4 of the Dungeon.
             The game lasted 00:00:49 (1880 turns).

qw the Skirmisher (Deep Elf Hunter)                 Turns: 1880, Time: 00:00:50

HP:   -1/21 (25)    AC:  8    Str: 10    XL:     4   Next: 90%
MP:   6/6           EV: 11    Int: 14    God:
Gold: 286           SH:  0    Dex: 18    Spells: 3/3 levels left

rFire   . . .        Y - +0 shortbow (freeze)
rCold   . . .        (shield currently unavailable)
rNeg    . . .        b - +0 ring mail
rPois   .            h - +2 helmet
rElec   .            (no cloak)
rCorr   .            (no gloves)
SInv    .            (no boots)
Will    .....        (no amulet)
Stlth   +            (no ring)
HPRegen 0.23/turn    (no ring)
MPRegen 0.10/turn

%: no passive effects
@: heavily drained
A: no striking features
a: no special abilities


You were on level 4 of the Dungeon.
You visited 1 branch of the dungeon, and saw 4 of its levels.

You collected 286 gold pieces.


   Skills:
 - Level 1.5 Fighting
 + Level 8.3 Ranged Weapons
 - Level 2.4 Dodging
 - Level 1.2 Stealth


You had 3 spell levels left.
You didn't know any spells.
Your spell library was empty.

Inventory:

Hand Weapons
 Y - a +0 shortbow of freezing (weapon)
Armour
 b - a +0 ring mail (worn)
 h - a +2 helmet (worn)
Scrolls
 d - a scroll of teleportation
 l - a scroll of identify
Potions
 a - a potion of attraction {unknown}
 e - a potion of curing {unknown}
 f - a potion of lignification {unknown}
 i - a potion of heal wounds {unknown}

Dungeon Overview and Level Annotations

Branches:
Dungeon (4/15)
 Temple: D:4-7

Altars:
The Shining One


Message History

The orc is almost dead.
An orc priest comes into view. It is wielding a +0 whip.
You shoot an arrow.
The arrow hits the orc but does no damage.
The orc is almost dead.
You shoot an arrow. The arrow closely misses the orc.
The orc barely misses you.
You shoot an arrow.
The arrow hits the orc but does no damage.
The orc is almost dead.
The orc hits you but does no damage. x2
You shoot an arrow.
The arrow hits the orc but does no damage.
The orc is almost dead.
The orc hits you but does no damage. x2
You shoot an arrow. The arrow hits the orc!
The arrow freezes the orc.
You kill the orc!
You shoot an arrow. The arrow barely misses the orc.
The orc closely misses you. The orc hits you but does no damage.
You shoot an arrow. The arrow hits the orc.
The arrow freezes the orc.
The orc is heavily wounded.
The orc hits you but does no damage. x2; You feel drained.
A gnoll comes into view. It is wielding a +0 flail.
The orc barely misses you.
The orc hits you with a +2 flail of draining.
You feel drained.
You shoot an arrow. The gnoll shouts!
The arrow hits the orc.
The arrow freezes the orc.
You kill the orc!
You shoot an arrow. The arrow closely misses the orc.
The orc hits you with a +2 flail of draining!
You feel drained.
You shoot an arrow. The arrow hits the orc priest.
The arrow freezes the orc priest.
The orc priest is moderately wounded.
The orc priest invokes the aid of Beogh against you.
Pain shoots through your body!
Ouch! That really hurt!
You die...

#........
#.#######
#.#
##'#######
#........#
#.......(#
#.......^#
##..######
##@.#
.....ooo.>#
#).####+###


You could see an orc priest and 2 orcs.

Vanquished Creatures
  A hound (D:3)
  2 adders (D:2)
  2 dart slugs (D:2)
  12 orcs
  5 ball pythons
  7 bats
  4 endoplasms
  3 giant cockroaches (D:1)
  8 goblins
  A hobgoblin (D:2)
  2 jackals (D:1)
  6 kobolds
  3 quokkas
  A frilled lizard (D:2)
  4 rats
61 creatures vanquished.

Notes
Turn   | Place    | Note
-------+----------+-------------------------------------------
     0 | D:1      | qw the Deep Elf Hunter began the quest for the Orb.
     0 | D:1      | Reached XP level 1. HP: 12/12 MP: 3/3
     0 | D:1      | 0 ||| qw: Version: 0.3-a-22-g0ed2b0b
     0 | D:1      | 0 ||| qw: Game counter: 5628
     0 | D:1      | 0 ||| qw: Melee chars always use a shield: true
     0 | D:1      | 0 ||| qw: God list: Okawaru
     0 | D:1      | 0 ||| qw: Allow faded altars: false
     0 | D:1      | 0 ||| qw: Do Orc after clearing Dungeon:15 true
     0 | D:1      | 0 ||| qw: Do second Lair branch before Depths: true
     0 | D:1      | 0 ||| qw: Lair rune preference: random
     0 | D:1      | 0 ||| qw: Goals: Normal
     0 | D:1      | 0 ||| PLANNING D:1-11
    88 | D:1      | Reached XP level 2. HP: 16/16 MP: 4/4
    90 | D:1      | Reached skill level 6 in Ranged Weapons
   159 | D:1      | Found a faded altar of an unknown god.
   388 | D:1      | 388 ||| UPGRADING to +2 helmet.
   393 | D:1      | 393 ||| READING scroll labelled QUGOESHRUJIKA.
   394 | D:1      | 394 ||| READING scroll labelled ZOEPLY NYEHOSI.
   395 | D:1      | 395 ||| READING scroll labelled EGIUFFIZORGH.
   396 | D:1      | 396 ||| DROPPING scroll of butterflies.
   477 | D:2      | Reached XP level 3. HP: 20/20 MP: 5/5
   616 | D:2      | Reached skill level 7 in Ranged Weapons
   788 | D:2      | Reached XP level 4. HP: 25/25 MP: 6/6
   911 | D:2      | 911 ||| UPGRADING to +0 ring mail.
   921 | D:2      | 921 ||| DROPPING +0 leather armour.
   922 | D:2      | 922 ||| READING 3 scrolls labelled MUACOEPHEIR.
   927 | D:2      | 927 ||| READING scroll labelled ITIVUO NITAWAO.
   928 | D:2      | 928 ||| READING scroll labelled COEFFERAOGA.
   929 | D:2      | 929 ||| READING scroll labelled JUYMI LOYTS.
   958 | D:3      | Found a glowing golden altar of the Shining One.
  1113 | D:3      | 1113 ||| FLEEEEING.
  1114 | D:3      | 1114 ||| FLEEEEING.
  1115 | D:3      | 1115 ||| FLEEEEING.
  1164 | D:3      | Reached skill level 8 in Ranged Weapons
  1308 | D:3      | HP: 3/25 [orc/+0 war axe (7)]
  1309 | D:3      | 1309 ||| READING 3 scrolls of teleportation.
  1312 | D:3      | 1312 ||| READING 2 scrolls of teleportation.
  1690 | D:3      | 1690 ||| READING scroll labelled HUOBBI SURU.
  1691 | D:3      | 1691 ||| READING 2 scrolls labelled MOXZOF JI RUS.
  1792 | D:3      | 1792 ||| READING scroll labelled MIYFFO LOEMP.
  1793 | D:3      | 1793 ||| DROPPING scroll of silence.
  1880 | D:4      | Killed from afar by an orc priest

Levels and vault maps discovered:
D:1:      lemuel_arrival_lava_pool, layout_basic,
          hellmonk_ecumenical_altar_blasted, serial_bayou_pond_b
D:2:      layout_basic
D:3:      layout_loops_cross, amcnicky_altar_gilded
D:4:      layout_basic

Skill      XL: |  1  2  3  4 |
---------------+-------------+-----
Ranged Weapons | 6 7 8 |  8.3
Fighting       | |  1.5
Dodging        | |  2.4
Stealth        | |  1.2

Action                     |  1- 3 |  4- 6 || total
---------------------------+-------+-------++-------
   Fire: Shortbow          |   108 |    63 ||   171
    Use: Scroll            |     3 |     9 ||    12
 Armour: Leather armour    |     4 |       ||     4
         Ring mail         |       |    18 ||    18
  Dodge: Dodged            |    18 |    27 ||    45

Table legend:
 A = Non-vault XP
 B = Vault XP
 C = Vault XP percentage of total XP
 D = Non-vault monster count
 E = Vault monster count
 F = Vault count percentage of total count
                 A         B        C        D         E       F
            +---------+---------+-------+---------+---------+-------
      Total |     183 |       4 |   2.1 |      59 |       2 |   3.3
            +---------+---------+-------+---------+---------+-------
        D:1 |      33 |       4 |  10.8 |      19 |       2 |   9.5
        D:2 |      63 |       0 |   0.0 |      22 |       0 |   0.0
        D:3 |      81 |       0 |   0.0 |      16 |       0 |   0.0
        D:4 |       6 |       0 |   0.0 |       2 |       0 |   0.0
            +---------+---------+-------+---------+---------+-------
